Map: Романтицид РВ

Players

Kantara

  • Race: Zerg Zerg
  • League: Diamond
  • Spawn Location: 5:00

Exit

  • Race: Zerg Zerg
  • Spawn Location: 11:00

SenseiTapok

  • Race: Protoss Protoss
  • League: Master

FifthRom

  • Race: Protoss Protoss
  • League: Master

VOD

Have the link to the VOD?

Description

Time

  • Played on: Oct. 25, 2020, 9:20 a.m.
  • Length: 17:58
Show
View Real Time Build Order
Export as new Build Order

Kantara Zerg 

Build Orders: Pool First, Lurkers 

Get SALT Encoding   

  12  0:01  Drone  
  13  0:13  Drone  
  14  0:31  Extractor  
  14  0:32  Extractor  
  14  0:33  Drone x2  
  14  0:37  Spawning Pool  
  14  0:41  Drone  
  16  1:10  Hatchery  
  15  1:14  Overlord  
  15  1:30  Extractor, Roach Warren  
  15  1:31  Extractor  
  12  1:34  Drone x2  
  12  1:35  Drone  
  15  1:47  Drone  
  16  1:52  Queen  
  18  1:58  Drone  
  19  2:15  Roach  
  21  2:22  Overlord  
  21  2:24  Roach  
  23  2:33  Roach  
  25  2:41  Drone x2  
  27  2:58  Roach x3  
  33  3:08  Queen  
  35  3:24  Drone  
  35  3:27  Overlord x2  
  36  3:29  Overlord  
  34  3:46  Queen  
  33  3:55  Queen  
  35  4:06  Drone x2  
  35  4:07  Ravager  
  35  4:08  Drone  
  34  4:42  Drone x2  
  34  4:43  Drone x6  
  42  4:57  Roach  
  44  5:03  Drone  
  45  5:08  Ravager x3  
  45  5:10  Ravager  
  45  5:12  Ravager  
  50  5:16  Drone  
  51  5:32  Drone x2  
  51  5:33  Drone x3  
  56  5:51  Drone x4  
  60  5:59  Overlord x3  
  60  6:11  Lair  
  60  6:17  Drone x2  
  60  6:18  Drone x3  
  63  6:19  Drone  
  61  6:31  Metabolic Boost  
  61  6:34  Zergling x10  
  66  6:51  Zergling x2  
  66  6:52  Zergling x10  
  69  7:16  Drone x5  
  69  7:20  Hydralisk Den  
  69  7:22  Evolution Chamber, Hatchery  
  71  7:23  Extractor  
  70  7:32  Drone x3  
  70  7:36  Zergling x4  
  75  7:41  Hatchery  
  74  7:49  Zerg Missile Weapons Level 1  
  74  7:50  Extractor  
  74  7:51  Muscular Augments  
  73  7:55  Hydralisk  
  73  7:56  Overlord  
  73  7:57  Overlord x2  
  74  8:45  Hydralisk  
  74  8:46  Hydralisk x5  
  74  8:48  Zergling x8  
  87  9:03  Lurker Den  
  87  9:04  Grooved Spines  
  87  9:05  Drone  
  87  9:06  Drone x4  
  91  9:16  Hydralisk x4  
  99  9:38  Hydralisk x3  
  99  9:40  Overlord x4  
  99  9:45  Zerg Missile Weapons Level 2  
  105  9:58  Overlord x5  
  105  10:03  Lurker x4  
  105  10:05  Zergling x2  
  105  10:06  Zergling x20  
  120  10:09  Lurker  
  121  10:17  Hydralisk  
  121  10:18  Hydralisk  
  125  10:24  Hydralisk  
  125  10:25  Hydralisk  
  125  10:27  Overlord x2  
  129  10:29  Zergling x4  
  127  10:38  Extractor  
  127  10:39  Extractor  
  101  11:00  Roach  
  101  11:01  Roach x5  
  97  11:12  Hydralisk  
  97  11:13  Hydralisk x6  
  97  11:16  Hydralisk  
  110  11:22  Lurker  
  108  11:35  Lurker x2  
  110  11:42  Lurker  
  111  11:49  Roach  
  111  11:50  Roach  
  111  11:51  Roach  
  111  11:54  Spine Crawler  
  116  11:57  Spore Crawler  
  116  11:59  Spore Crawler  
  116  12:00  Lurker x2  
  116  12:10  Drone  
  116  12:11  Drone x5, Zerg Ground Armor Level 1  
  116  12:12  Drone  
  116  12:15  Drone  
  122  12:38  Lurker x2  
  122  12:39  Lurker x3  
  124  12:52  Infestation Pit  
  123  13:04  Drone x3  
  123  13:05  Drone x7  
  133  13:08  Roach  
  133  13:09  Hatchery  
  133  13:11  Roach  
  135  13:33  Hive  
  135  13:40  Lurker x3  
  135  13:41  Lurker x2  
  132  13:57  Drone  
  132  13:58  Drone x2  
  132  14:00  Drone  
  134  14:14  Hydralisk x5  
  134  14:15  Hydralisk x6  
  156  14:23  Hydralisk  
  156  14:24  Hydralisk  
  156  14:29  Roach  
  162  14:56  Zerg Missile Weapons Level 3  
  162  15:01  Adaptive Talons  
  162  15:04  Lurker x2  
  164  15:12  Drone x3  
  164  15:14  Extractor, Drone x3  
  170  15:15  Extractor  
  159  15:21  Spore Crawler  
  159  15:24  Spore Crawler  
  157  15:32  Spine Crawler  
  157  15:34  Spine Crawler  
  157  15:35  Spine Crawler  
  135  15:45  Lurker  
  135  15:46  Lurker x5  
  141  15:58  Seismic Spines  
  141  16:02  Viper  
  141  16:04  Zergling x28  
  145  16:05  Zergling x8  
  153  16:29  Viper  
  153  16:32  Viper  
  150  16:34  Hydralisk x2  
  150  16:37  Roach x4  
  136  16:48  Lurker  
  136  16:49  Lurker x2  
  121  17:04  Hydralisk x6  
  121  17:05  Hydralisk x2  
  112  17:35  Lurker x2  
Show
View Real Time Build Order
Export as new Build Order

Exit Zerg 

Build Orders:  

Get SALT Encoding   

  12  0:00  Probe  
  13  0:12  Probe  
  14  0:22  Pylon  
  14  0:27  Probe  
  15  0:40  Probe (Chrono Boost)  
  15  0:42  Gateway  
  16  0:48  Assimilator  
  16  0:52  Probe (Chrono Boost)  
  17  1:00  Probe (Chrono Boost)  
  18  1:06  Unknown  
  18  1:11  Probe  
  19  1:26  Zealot  
  19  1:32  Cybernetics Core  
  21  1:35  Probe  
  21  1:36  Gateway  
  22  1:47  Probe  
  22  1:50  Pylon  
  23  2:00  Adept  
  23  2:08  Probe, Warp Gate  
  26  2:23  Adept  
  26  2:29  Adept  
  30  2:37  Nexus  
  30  2:44  Shield Battery  
  29  2:54  Robotics Facility  
  29  2:59  Stalker  
  31  3:07  Pylon  
  31  3:25  Stalker  
  33  3:35  Assimilator  
  33  3:48  Probe  
  34  3:49  Immortal (Chrono Boost)  
  38  3:58  Probe  
  38  4:00  Probe  
  40  4:10  Probe  
  40  4:12  Probe  
  42  4:17  Sentry  
  42  4:22  Probe  
  45  4:24  Probe  
  44  4:36  Probe (Chrono Boost), Assimilator  
  44  4:37  Probe (Chrono Boost)  
  44  4:38  Assimilator  
  42  4:48  Probe x2 (Chrono Boost)  
  44  4:53  Probe x2 (Chrono Boost)  
  44  4:54  Immortal  
  48  5:12  Stalker x2  
  52  5:27  Probe  
  52  5:28  Probe  
  54  5:33  Pylon  
  54  5:40  Cybernetics Core, Shield Battery  
  54  5:46  Pylon  
  54  5:47  Pylon  
  54  5:48  Warp Prism (Chrono Boost), Pylon  
  56  5:57  Zealot  
  56  6:06  Probe x2, Pylon  
  58  6:11  Gateway  
  58  6:13  Gateway  
  58  6:15  Gateway  
  58  6:16  Immortal (Chrono Boost)  
  62  6:27  Probe x2  
  64  6:41  Probe x2  
  64  6:42  Forge  
  66  6:59  Nexus  
  66  7:01  Probe x2  
  68  7:04  Immortal  
  72  7:10  Sentry  
  72  7:13  Protoss Ground Weapons Level 1 (Chrono Boost), Stalker  
  72  7:15  Zealot  
  78  7:24  Probe  
  78  7:26  Probe  
  78  7:28  Twilight Council  
  80  7:38  Probe  
  81  7:44  Sentry  
  81  7:47  Zealot  
  85  7:56  Pylon  
  85  7:57  Gateway  
  86  7:58  Probe, Pylon, Gateway  
  86  8:07  Charge (Chrono Boost)  
  86  8:10  Probe  
  87  8:21  Probe  
  87  8:22  Probe, Pylon  
  87  8:23  Probe  
  87  8:24  Pylon  
  87  8:25  Assimilator  
  90  8:47  Zealot  
  90  8:48  Zealot x2  
  96  8:54  Zealot x2  
  96  8:55  Shield Battery  
  100  8:56  Immortal  
  100  8:57  Shield Battery  
  104  9:07  Templar Archives  
  104  9:09  Probe (Chrono Boost)  
  105  9:15  Probe x2 (Chrono Boost), Assimilator  
  105  9:17  Gateway, Pylon  
  107  9:18  Protoss Ground Weapons Level 2 (Chrono Boost)  
  107  9:22  Probe (Chrono Boost), Gateway  
  110  9:24  Probe (Chrono Boost)  
  110  9:25  Probe (Chrono Boost)  
  110  9:27  Probe (Chrono Boost)  
  110  9:28  Forge  
  110  9:29  Probe x2 (Chrono Boost), Psionic Storm  
  111  9:36  Probe  
  114  9:39  Immortal  
  118  9:47  High Templar  
  118  9:48  High Templar x2  
  118  9:49  High Templar x2  
  128  10:13  Probe  
  128  10:14  Probe x2  
  135  10:27  Protoss Ground Armor Level 1 (Chrono Boost)  
  135  10:28  Nexus  
  135  10:31  Pylon  
  135  10:32  Pylon  
  135  10:35  Assimilator  
  135  10:39  Assimilator  
  135  10:42  Observer (Chrono Boost)  
  123  10:43  Pylon  
  123  10:45  Pylon  
  108  11:05  Archon  
  108  11:10  Nexus  
  108  11:14  Immortal (Chrono Boost), Zealot x2, Robotics Facility  
  108  11:15  Zealot x3  
  122  11:26  Probe (Chrono Boost)  
  122  11:32  Probe (Chrono Boost)  
  124  11:33  High Templar x2  
  124  11:36  Probe (Chrono Boost)  
  124  11:37  High Templar x5  
  140  11:40  Probe (Chrono Boost)  
  140  11:41  Archon x3, Probe (Chrono Boost)  
  140  11:44  Probe  
  142  11:51  Probe  
  143  11:59  Gateway  
  143  12:00  Probe x2, Gateway  
  145  12:02  Gateway  
  145  12:05  Gateway  
  145  12:06  High Templar x2  
  147  12:09  Immortal  
  147  12:13  Zealot x2  
  155  12:17  Zealot  
  155  12:20  Zealot  
  155  12:21  Zealot  
  161  12:26  Probe  
  161  12:27  Probe x2  
  164  12:43  Immortal  
  164  12:44  Probe x3, Robotics Bay  
  171  12:47  Assimilator  
  167  12:56  Probe x3  
  170  13:05  High Templar x5  
  180  13:18  Pylon  
  180  13:20  Pylon  
  180  13:24  Pylon  
  180  13:26  Archon  
  178  13:27  Probe x2  
  180  13:35  Disruptor x2 (Chrono Boost)  
  180  13:36  Probe  
  180  13:37  Zealot x3  
  180  13:38  Zealot  
  187  14:03  Disruptor x2  
  193  14:14  Zealot x3  
  199  14:20  Nexus  
  199  14:21  Photon Cannon x2  
  199  14:22  Protoss Ground Armor Level 2, Nexus, Pylon  
  199  14:23  Photon Cannon  
  193  14:32  Protoss Ground Weapons Level 3  
  193  14:40  Unknown, Cybernetics Core  
  193  14:41  Disruptor x2 (Chrono Boost)  
  199  14:47  Pylon  
  199  14:48  Pylon  
  199  14:49  Protoss Air Weapons Level 1  
  199  15:05  Pylon  
  199  15:07  Pylon  
  199  15:08  Pylon  
  199  15:15  Photon Cannon x2  
  199  15:17  Photon Cannon  
  199  15:19  Shield Battery  
  199  15:20  Photon Cannon  
  199  15:34  Probe, Photon Cannon x2  
  200  15:35  Shield Battery  
  200  15:37  Photon Cannon  
  200  15:38  Photon Cannon  
  200  15:45  Assimilator  
  200  15:48  Assimilator  
  198  15:52  Warp Prism  
  200  16:17  Dark Shrine  
  200  16:22  Pylon  
  200  16:24  Pylon  
  198  16:28  Stargate  
  198  16:29  Stargate  
  198  16:32  Stargate x2, Pylon  
  198  16:42  Disruptor x2  
  198  16:57  Observer  
  198  17:07  Pylon  
  198  17:12  Photon Cannon  
  198  17:13  Photon Cannon  
  198  17:16  Photon Cannon  
  198  17:19  Shield Battery  
  198  17:23  Observer  
  198  17:25  Probe x2, Shield Battery  
  190  17:53  Shield Battery  
  190  17:54  Photon Cannon  
  190  17:55  Photon Cannon  
Show
View Real Time Build Order
Export as new Build Order

SenseiTapok Protoss 

Build Orders:  

Get SALT Encoding   

Show
View Real Time Build Order
Export as new Build Order

FifthRom Protoss 

Build Orders:  

Get SALT Encoding   

Tags
 
Add a new tag
Caveats
  • Supply blocks, unpowered buildings, or Contaminate may cause inaccurate times.
  • Supply counts are checked every 10 seconds.